 Dungeon Crawl Stone Soup version 0.20-a0-847-g4f67902 (webtiles) character file.

6841 Dipster the Zephyrmancer (level 11, 0/61 HPs)
             Began as a Barachian Air Elementalist on Mar 9, 2017.
             Was a Believer of Vehumet.
             Slain by a hippogriff (3 damage)
             ... on level 9 of the Dungeon.
             The game lasted 00:50:43 (17651 turns).

Dipster the Zephyrmancer (BaAE)                    Turns: 17651, Time: 00:50:44

Health: 0/61       AC:  3    Str: 10    XL:     11   Next: 5%
Magic:  10/22      EV: 12    Int: 19    God:    Vehumet [**....]
Gold:   545        SH:  0    Dex: 14    Spells: 8/25 levels left

rFire    . . .     SeeInvis .   M - +2 long sword (freeze)
rCold    . . .     Gourm    .   a - +1 robe
rNeg     . . .     Faith    .   (no shield)
rPois    .         Spirit   .   (no helmet)
rElec    .         Reflect  .   J - scarf {repulsion}
rCorr    .         Harm     .   E - +0 pair of gloves
MR       .....                  (no boots)
Stlth    ++........             (no amulet)
Regen    0.6/turn               (no ring)
MPRegen  0.2/turn               (no ring)

@: repel missiles, slow
A: +LOS, swims, agile 1, deformed body, frail 1, regeneration 1, slowness 1,
strong legs 1
a: Hop, Renounce Religion


You were on level 9 of the Dungeon.
You worshipped Vehumet.
Vehumet was pleased with you.
You were not hungry.

You visited 2 branches of the dungeon, and saw 11 of its levels.

You collected 545 gold pieces.

Inventory:

Hand Weapons
 e - a +0 hand axe
 u - a +1 dagger of freezing
 w - a +0 hunting sling
 C - a +0 whip of flaming
 M - a +2 long sword of freezing (weapon)
 O - a cursed +3 short sword
Missiles
 d - 383 stones (quivered)
 t - 5 tomahawks
 v - a throwing net
 N - 7 javelins
 P - 3 steel tomahawks
 Q - 33 poisoned needles
 U - 2 exploding tomahawks
Armour
 a - a +1 robe (worn)
 r - a +0 cloak
 E - a +0 pair of gloves (worn)
 F - a +0 troll leather armour
 H - the +6 ring mail of the Eternal Fruit {Stlth+, unknown}
   (You found it on level 10 of the Dungeon)

   It makes you more stealthy.
 J - a scarf of repulsion (worn)
Magical Staves
 c - an uncursed staff of summoning
 D - an uncursed staff of earth
Jewellery
 g - an uncursed ring of fire
 p - an uncursed amulet of regeneration {unknown}
 S - the amulet "Biatac" {Faith Int+2, unknown}
   (You took it off an orc wizard on level 9 of the Dungeon)

   [amulet of faith]

   It allows you to gain divine favour quickly.
   It affects your intelligence (+2).
Wands
 i - a wand of iceblast (3/15)
 L - a wand of enslavement (9/24)
Scrolls
 j - 3 scrolls of recharging
 l - 2 scrolls of remove curse
 m - 2 scrolls of amnesia
 n - a scroll of enchant armour
 y - 3 scrolls of immolation
 G - 5 scrolls of identify
 I - 3 scrolls of fog {unknown}
 R - 2 scrolls of enchant weapon {unknown}
 T - a scroll of blinking {unknown}
Potions
 s - a potion of invisibility
 x - 2 potions of brilliance
 z - 3 potions of flight
 A - 2 potions of degeneration
 B - 6 potions of curing
 K - a potion of magic {unknown}
Books
 b - a book of Air

   Spells                             Type                      Level
   a - Shock                          Conjuration/Air              1
   b - Swiftness                      Charms/Air                   2
   c - Static Discharge               Conjuration/Air              3
   d - Airstrike                      Air                          4
   e - Lightning Bolt                 Conjuration/Air              5
 f - a book of Changes

   Spells                             Type                      Level
   a - Beastly Appendage              Transmutation                1
   b - Sticks to Snakes               Transmutation                2
   c - Spider Form                    Transmutation/Poison         3
   d - Ice Form                       Ice/Transmutation            4
   e - Blade Hands                    Transmutation                5
Comestibles
 h - 5 royal jellies
 k - 2 chunks of flesh
 o - 8 bread rations
 q - 9 fruits


   Skills:
 - Level 2.1 Dodging
 - Level 1.7 Stealth
 + Level 7.7 Spellcasting
 * Level 11.3 Conjurations
 * Level 11.8 Air Magic


You had 8 spell levels left.
You knew the following spells:

 Your Spells              Type           Power        Failure   Level  Hunger
a - Shock                 Conj/Air       ####         1%          1    None
b - Static Discharge      Conj/Air       ######..     1%          3    #......
c - Airstrike             Air            ######....   1%          4    ###....
d - Lightning Bolt        Conj/Air       ######....   1%          5    #####..
e - Flame Tongue          Conj/Fire      ####.        1%          1    None
f - Inner Flame           Hex/Fire       #.......     34%         3    #......


Dungeon Overview and Level Annotations

Branches:
Dungeon (10/15)            Temple (1/1) D:7            Lair (0/6) D:9
    Orc: D:9-12

Altars:
Ashenzari
Cheibriados
Dithmenos
Elyvilon
Fedhas
Gozag
Hepliaklqana
Kikubaaqudgha
Makhleb
Nemelex Xobeh
Okawaru
Qazlal
Ru
Sif Muna
Trog
Uskayaw
Vehumet
Wu Jian
Xom
Yredelemnul
Zin
The Shining One

Shops:
D:8 %:%}

Annotations:
D:8 crawlisdead's ghost, novice DsBe


Innate Abilities, Weirdness & Mutations

Shadows flee at your approach. (+LOS)
You can swim through water.
You cover ground slowly.
You can hop short distances.
You are agile. (Dex +2)
Armour fits poorly on your strangely shaped body.
You are frail. (-10% HP)
Your natural rate of healing is unusually fast.


Message History

The lightning arcs!
You are struck by lightning.
* * * LOW HITPOINT WARNING * * *
The lightning grounds out.
The hippogriff misses you.
You riposte.
You barely miss the hippogriff.
The hippogriff is severely wounded.
The hippogriff pecks you.
* * * LOW HITPOINT WARNING * * *
The hippogriff barely misses you.
Casting: Static Discharge
Confirm with . or Enter, or press ? or * to list all spells.
The hippogriff is struck by lightning.
The hippogriff is almost dead.
The lightning arcs!
You are struck by lightning.
* * * LOW HITPOINT WARNING * * *
The lightning arcs!
The hippogriff is struck by lightning.
The hippogriff is almost dead.
The lightning grounds out.
The hippogriff misses you. The hippogriff pecks you.
* * * LOW HITPOINT WARNING * * *
The hippogriff claws you.
You die...

######################
#.....)...............
#....@................
#.....H.........#.....
#.#####..<............
#........###..........
#.....................
#..###..##########....
#..# #..#........#.##.
#..# #..#........#.##.
#..###..#........#.##.


You could see a hippogriff.

Vanquished Creatures
  The ghost of Raine357 the Carver, a novice HuCK of Xom (D:9)
  Pikel (D:5)
  A troll (D:9)
  2 yaks (D:8)
  A spriggan (D:7)
  2 wyverns (D:8)
  A water moccasin (D:8)
  2 black bears
  2 sky beasts
  3 orc warriors
  An ice beast (D:9)
  2 phantoms
  A slave (D:5)
  6 ogres
  2 centaurs
  A crocodile (D:10)
  9 bullfrogs
  2 scorpions
  5 wights (D:8)
  6 howler monkeys
  8 crimson imps
  2 bullfrog zombies
  A centaur zombie (D:9)
  A quasit (D:6)
  7 hounds
  2 bullfrog skeletons (D:7)
  A centaur skeleton (D:5)
  8 orc priests
  A gnoll shaman (D:3)
  10 orc wizards
  2 iguanas
  Ijyb (D:3)
  Natasha (thrice) (D:2)
  6 worker ants
  A worker ant zombie (D:5)
  13 gnolls
  13 adders
  A howler monkey skeleton (D:5)
  An ooze (D:2)
  An adder skeleton (D:8)
  An adder zombie (D:6)
  3 worms
  9 dart slugs (D:4)
  6 leopard geckos
  22 orcs
  15 bats
  11 giant cockroaches
  8 goblins
  11 hobgoblins
  18 jackals
  9 kobolds
  6 quokkas
  A ball python (D:5)
  A ball python zombie (D:6)
  8 frilled lizards
  A giant cockroach zombie (D:6)
  A goblin skeleton (D:4)
  3 hobgoblin zombies (D:4)
  2 jackal skeletons
  2 jackal zombies (D:7)
  A kobold skeleton (D:4)
  A kobold zombie (D:4)
  3 leopard gecko skeletons
  2 orc skeletons (D:4)
  4 rats
283 creatures vanquished.

Vanquished Creatures (others)
  A water moccasin (D:6)
  A slave (D:6)
2 creatures vanquished.

Grand Total: 285 creatures vanquished

Notes
Turn   | Place    | Note
-------+----------+-------------------------------------------
     0 | D:1      | Dipster the Barachian Air Elementalist began the quest for the Orb.
     0 | D:1      | Reached XP level 1. HP: 13/13 MP: 3/3
   549 | D:1      | Reached XP level 2. HP: 16/19 MP: 0/5
  1248 | D:1      | Reached XP level 3. HP: 24/24 MP: 1/7
  1847 | D:1      | Learned a level 3 spell: Static Discharge
  2013 | D:2      | Reached XP level 4. HP: 30/30 MP: 0/8
  2258 | D:2      | Noticed Natasha
  2279 | D:2      | Found a sacrificial altar of Ru.
  2286 | D:2      | You are sucked into a shaft for 2 floors!
  3447 | D:3      | Reached XP level 5. HP: 35/35 MP: 6/10
  3917 | D:3      | Found a shattered altar of Ashenzari.
  4365 | D:3      | Noticed Ijyb
  4377 | D:3      | Reached XP level 6. HP: 20/41 MP: 5/11
  4382 | D:3      | Killed Ijyb
  4382 | D:3      | Reached skill level 5 in Air Magic
  5176 | D:2      | Killed Natasha
  5283 | D:2      | Noticed Natasha
  5307 | D:2      | Killed Natasha
  5488 | D:2      | Noticed Natasha
  5491 | D:2      | Killed Natasha
  5546 | D:2      | Found a glowing silver altar of Zin.
  5882 | D:4      | Found a glowing golden altar of the Shining One.
  5936 | D:4      | Reached XP level 7. HP: 31/46 MP: 5/13
  6170 | D:4      | Reached skill level 5 in Conjurations
  6474 | D:4      | Found a hazy altar of Hepliaklqana.
  6603 | D:4      | Learned a level 4 spell: Airstrike
  6609 | D:4      | Learned a level 5 spell: Lightning Bolt
  6613 | D:4      | Found a basalt altar of Yredelemnul.
  6989 | D:5      | Entered Level 5 of the Dungeon
  7284 | D:5      | Reached XP level 8. HP: 52/52 MP: 8/14
  7497 | D:5      | Found a radiant altar of Vehumet.
  7497 | D:5      | Found an ornate altar of the Wu Jian Council.
  7501 | D:5      | Became a worshipper of Vehumet
  8314 | D:6      | Found a shimmering altar of Xom.
  8436 | D:6      | Reached skill level 5 in Spellcasting
 10032 | D:6      | Reached XP level 9. HP: 55/57 MP: 8/17
 10119 | D:6      | Reached * piety under Vehumet
 10119 | D:6      | Offered knowledge of Flame Tongue by Vehumet.
 10603 | D:6      | Upgraded the game from 0.20-a0-842-g939b552 to 0.20-a0-847-g4f67902
 10843 | D:6      | Noticed Pikel
 11068 | D:5      | Killed Pikel
 11690 | D:6      | Found a hide-covered altar of Uskayaw.
 12663 | D:7      | Found a staircase to the Ecumenical Temple.
 12679 | Temple   | Entered the Ecumenical Temple
 12809 | D:7      | Reached skill level 10 in Air Magic
 12813 | D:7      | Gained mutation: Armour fits poorly on your strangely shaped body. [mutagenic meat]
 12814 | D:7      | Gained mutation: You are agile. (Dex +2) [mutagenic meat]
 12815 | D:7      | Gained mutation: Your natural rate of healing is unusually fast. [mutagenic meat]
 12816 | D:7      | Gained mutation: You are frail. (-10% HP) [mutagenic meat]
 12897 | D:7      | Learned a level 1 spell: Flame Tongue
 13142 | D:7      | Reached XP level 10. HP: 56/56 MP: 17/19
 13457 | D:8      | Found Jerrur's Food Shop.
 13629 | D:8      | Reached skill level 10 in Conjurations
 14284 | D:8      | Found Keach's Book Boutique.
 14299 | D:8      | Found Diasek's Food Shop.
 14304 | D:8      | Found Geeherghate's Gadget Shop.
 14314 | D:8      | Noticed crawlisdead's ghost (novice DsBe)
 14346 | D:9      | Offered knowledge of Throw Flame by Vehumet.
 14625 | D:9      | Found a staircase to the Lair.
 14800 | D:9      | Reached ** piety under Vehumet
 14882 | D:9      | Got a coiled brass amulet
 14897 | D:9      | Found a bloodstained altar of Trog.
 15009 | D:9      | Noticed Raine357's ghost (novice HuCK)
 15074 | D:9      | Killed Raine357's ghost
 15719 | D:8      | Found a stormy altar of Qazlal.
 16309 | D:9      | Offered knowledge of Inner Flame by Vehumet.
 16410 | D:9      | Learned a level 3 spell: Inner Flame
 16667 | D:9      | Reached XP level 11. HP: 59/61 MP: 13/22
 17253 | D:10     | Entered Level 10 of the Dungeon
 17450 | D:10     | Got a heavily runed ring mail
 17651 | D:9      | HP: 3/61 [/static electricity (1)]
 17651 | D:9      | Slain by a hippogriff

Vault maps used:
D:1:      dpeg_arrival_three_same_balls, roderic_serpentine_path,
          serial_bayou_pond_a, st_stairs_9
D:2:      zin_treasury, old_standard_altar, serial_corexii_hall,
          corexii_hall_statues_x, corexii_hall_statues_deadend, uniq_natasha
D:3:      lemuel_round_altar, solitary_fountain, uniq_iyjb
D:4:      kennysheep_slugbush, yredelemnul_altar_generic,
          nicolae_tso_besieged_by_evil, overflow_temple_1_default, first_bread,
          grunt_decor_one_mirror
D:5:      gammafunk_temple_overflow_elements, portal_sewer_entry_a
D:6:      kennysheep_six_static_rooms, kennysheep_little_box, basic_altar,
          uniq_pikel
D:7:      minmay_temple_entry_glass, the_bakery
D:8:      kennysheep_mini_moat, serial_shops, shop, shop, nicolae_shop_trees,
          nicolae_shop_crystal
D:9:      bloody_trog, lair_entry_dummy
D:10:     minmay_orc_entry_temple_small
Temple:   minmay_temple_curvy_loop

Skill      XL: |  1  2  3  4  5  6  7  8  9 10 |
---------------+-------------------------------+-----
Conjurations   | 2 3 4 6 7 9 11 | 11.3
Spellcasting   | 3 4 5 6 7 |  7.7
Air Magic      | 4 5 6 8 10 11 | 11.8
Dodging        | |  2.1
Stealth        | |  1.7

Action                   |  1- 3 |  4- 6 |  7- 9 | 10-12 || total
-------------------------+-------+-------+-------+-------++-------
Melee: Hand axe          |    24 |    18 |       |       ||    42
       Dagger            |       |    78 |    79 |       ||   157
       Long sword        |       |       |       |    35 ||    35
Throw: Stone             |     1 |    12 |       |       ||    13
 Cast: Shock             |    69 |   165 |   167 |   126 ||   527
       Static Discharge  |       |    12 |    69 |    60 ||   141
       Airstrike         |       |       |     9 |    19 ||    28
 Abil: Hop               |       |     1 |       |     2 ||     3
  Use: Potion            |       |     3 |     4 |     9 ||    16
       Scroll            |       |       |     8 |     1 ||     9
 Stab: Sleeping          |       |     2 |     3 |       ||     5
       Invisible         |       |       |       |     1 ||     1
  Eat: Chunk             |     5 |     4 |    23 |    10 ||    42
       Bread ration      |       |     1 |       |       ||     1
       Meat ration       |       |     1 |     2 |     2 ||     5
Armor: Robe              |    11 |    37 |    34 |     7 ||    89
       Skin              |       |       |    13 |    27 ||    40
Dodge: Dodged            |    35 |   126 |   107 |    76 ||   344
       Rpst.: Long sword |       |       |       |    15 ||    15
